 Dungeon Crawl Stone Soup version 0.20-a0-1074-g6a0a8e1 (webtiles) character file.

16893 JiminyCricket the Warrior (level 12, -12/121 HPs)
             Began as a Minotaur Berserker on Apr 28, 2017.
             Was a High Priest of Trog.
             Killed from afar by a frost giant (17 damage)
             ... with a bolt of cold
             ... in an ice cave on Apr 29, 2017.
             The game lasted 01:06:38 (11900 turns).

JiminyCricket the Warrior (Minotaur Berserker)     Turns: 11900, Time: 01:06:38

Health: -12/121    AC: 22    Str: 26    XL:     12   Next: 14%
Magic:  11/11      EV:  6    Int:  4    God:    Trog [*****.]
Gold:   607        SH: 19    Dex: 19    Spells: 11/11 levels left

rFire    x . .     SeeInvis .   F - +5 mace "Opsiexid" {flame, Dex+4}
rCold    + . .     Gourm    .   w - +0 large shield
rNeg     . . .     Faith    .   S - +0 plate armour
rPois    .         Spirit   .   H - +0 hat
rElec    .         Reflect  .   u - +1 cloak
rCorr    .         Harm     .   G - +0 pair of gloves
MR       .....                  p - +2 pair of boots
Stlth    ..........             s - amulet of magic regeneration
Regen    0.3/turn               Y - +4 ring of dexterity
MPRegen  0.2/turn               O - ring of ice

@: slowed, very slow
A: retaliatory headbutt, horns 2
a: Berserk, Trog's Hand, Brothers in Arms, Burn Spellbooks, Renounce Religion


You were in an ice cave.
You worshipped Trog.
Trog was extremely pleased with you.
You were hungry.

You visited 1 branch of the dungeon, and saw 10 of its levels.
You also visited: Sewer and Ice Cave.

You collected 607 gold pieces.

Inventory:

Hand Weapons
 a - a +0 hand axe
 m - a +2 war axe of chopping
 z - a +0 whip of flaming
 C - a +5 battleaxe
 F - the +5 mace "Opsiexid" (weapon) {flame, Dex+4}
   (You found it on level 7 of the Dungeon)

   It has been specially enchanted to burn those struck by it, causing extra
   injury to most foes and up to half again as much damage against particularly
   susceptible opponents.
   It affects your dexterity (+4).
 Q - a +4 broad axe of chopping
Armour
 p - a +2 pair of boots (worn)
 u - a +1 cloak (worn)
 w - a +0 large shield (worn)
 x - the +1 ring mail of the Armoured One {rElec rCorr Dex-3}
   (You found it on level 4 of the Dungeon)

   It affects your dexterity (-3).
   It insulates you from electricity.
   It protects you from acid and corrosion.
 G - a +0 pair of gloves (worn)
 H - a +0 hat (worn)
 S - a +0 plate armour (worn)
Jewellery
 s - an amulet of magic regeneration (around neck)
 K - an uncursed ring of wizardry
 L - an uncursed ring of positive energy
 O - a ring of ice (right hand)
 V - an uncursed ring of protection from fire
 Y - a +4 ring of dexterity (left hand)
Wands
 o - a wand of confusion (21/48)
 I - a wand of acid (4/15)
 R - a wand of flame (1/48)
 W - a wand of lightning (6/15)
 X - a wand of polymorph (6/24)
Scrolls
 h - 3 scrolls of noise
 j - 3 scrolls of remove curse
 k - 2 scrolls of identify
 l - 7 scrolls of teleportation
 y - 2 scrolls of random uselessness {unknown}
 E - a scroll of enchant armour
 J - a scroll of magic mapping {unknown}
 M - a scroll of fear
 N - a scroll of silence {unknown}
 P - 2 scrolls of amnesia {unknown}
Potions
 d - 4 potions of heal wounds {unknown}
 e - 2 potions of magic {unknown}
 f - 4 potions of curing {unknown}
 i - 3 potions of cancellation {unknown}
 n - 2 potions of ambrosia {unknown}
 q - a potion of might {unknown}
 t - 2 potions of agility {unknown}
 A - a potion of invisibility {unknown}
 D - a potion of berserk rage {unknown}
Books
 r - a book of Callings

   Spells                             Type                      Level
   a - Summon Small Mammal            Summoning                    1
   b - Call Imp                       Summoning                    2
   c - Call Canine Familiar           Summoning                    3
   d - Summon Guardian Golem          Hexes/Summoning              3
   e - Summon Lightning Spire         Summoning/Air                4
   f - Summon Ice Beast               Ice/Summoning                4
   Trog disapproves of the use of such an item.
 B - a book of Misfortune

   Spells                             Type                      Level
   a - Confusing Touch                Hexes                        1
   b - Confuse                        Hexes                        3
   c - Gell's Gravitas                Translocation                3
   d - Petrify                        Transmutation/Earth          4
   e - Metabolic Englaciation         Hexes/Ice                    5
   f - Yara's Violent Unravelling     Hexes/Transmutation          5
   Trog disapproves of the use of such an item.
Miscellaneous
 U - a lamp of fire (inert)
Comestibles
 b - a royal jelly
 c - 5 bread rations
 g - 4 meat rations
 v - 6 fruits
 T - a chunk of flesh


   Skills:
 * Level 15.2 Fighting
 - Level 10.7(11.0) Axes
 + Level 4.0(8.0) Maces & Flails
 + Level 10.6 Armour
 - Level 2.3 Dodging
 + Level 9.9 Shields


You had 11 spell levels left.
You didn't know any spells.

Dungeon Overview and Level Annotations

Branches:
Dungeon (11/15)            Temple (0/1) D:7            Lair (0/6) D:10
    Orc: D:9-12

Altars:
Kikubaaqudgha
Makhleb
Nemelex Xobeh
Qazlal
Ru
Trog
Xom

Shops:
D:10 (


Innate Abilities, Weirdness & Mutations

You reflexively headbutt those who attack you in melee.
You have a pair of horns on your head.


Message History

The frost giant freezes you.
* * * LOW HITPOINT WARNING * * *
You are too berserk!
Number of times to repeat, then command key: You must enter the number of times for the command to repeat.
You feel a strong urge to attack something.
You are no longer berserk.
You are exhausted.
You feel yourself slow down.
The frost giant gestures at you while chanting.
The bolt of cold misses you. The frost giant casts a spell at you.
The bolt of cold hits you! You resist.
* * * LOW HITPOINT WARNING * * *
The frost giant casts a spell at you. The bolt of cold hits you! You resist.
* * * LOW HITPOINT WARNING * * *
The frost giant casts a spell at you. The bolt of cold hits you! You resist.
You die... #.## ≈#≈≈##.## #..# ##≈##...# #..###.≈..h#..# #...#[#.#.###..# #...#..##.# .hhh ##..###.h## ..C.h ##..###.# .h... ##.##h## hY..

#@.##.#
....
##.##h##
##..##.##
#..####.##
#C## ##h#
#.#####.##
#.#.#.#.#
#......##
#..⌠.#.#


You could see a frost giant.

Vanquished Creatures
  A two-headed ogre (D:8)
  A death yak (IceCv)
  2 unseen horrors (D:10)
  Pikel (D:7)
  An ugly thing (D:9)
  A gargoyle (D:10)
  An ice statue (IceCv)
  4 trolls
  15 polar bears (IceCv)
  3 hippogriffs
  16 yaks (IceCv)
  The ghost of enarc13 the Changer, an amateur CeTm (D:4)
  3 porcupines (D:10)
  2 orc warriors
  A sky beast (D:5)
  A hornet zombie (D:7)
  The ghost of thesun the Skirmisher, an amateur MiFi (Sewer)
  3 ice beasts
  2 phantoms
  The ghost of chequers the Bolt Thrower, an amateur HOHu (D:3)
  A necrophage (D:11)
  10 ogres
  3 centaurs
  16 wolves (IceCv)
  A crocodile (D:10)
  A big kobold (D:9)
  4 bullfrogs
  2 scorpions
  4 wights
  A howler monkey (D:8)
  2 electric eels (D:9)
  2 crimson imps
  2 centaur zombies
  2 quasits
  A bullfrog zombie (D:5)
  8 hounds
  7 orc priests
  2 bullfrog skeletons
  A gnoll shaman (D:9)
  4 human zombies (D:7)
  Jessica (D:2)
  2 iguanas
  2 human skeletons (D:7)
  9 orc wizards
  4 worker ants
  A killer bee zombie (D:8)
  An ogre zombie (D:7)
  A hound zombie (D:5)
  A hound skeleton (D:7)
  A mummy (D:7)
  A worker ant zombie (D:9)
  Robin (D:3)
  12 adders
  7 gnolls (D:5)
  4 river rats (Sewer)
  2 shadow imps
  An adder skeleton (D:5)
  7 worms
  2 dart slugs
  7 leopard geckos
  43 orcs
  4 ball pythons
  6 bats
  5 giant cockroaches
  21 goblins
  4 hobgoblins
  5 jackals
  7 quokkas
  15 frilled lizards
  3 kobolds
  A leopard gecko zombie (D:7)
  An orc zombie (D:7)
  16 rats
  A fungus (D:10)
334 creatures vanquished.

Vanquished Creatures (others)
  A polar bear (IceCv)
  A yak (IceCv)
  2 slaves
  2 wolves (IceCv)
  An orc wizard (D:5)
  4 orcs (D:7)
  A fungus (D:10)
  3 plants (D:9)
15 creatures vanquished.

Grand Total: 349 creatures vanquished

Notes
Turn   | Place    | Note
-------+----------+-------------------------------------------
     0 | D:1      | JiminyCricket the Minotaur Berserker began the quest for the Orb.
     0 | D:1      | Reached XP level 1. HP: 19/19 MP: 0/0
   262 | D:1      | Reached XP level 2. HP: 25/27 MP: 1/1
   295 | D:1      | Reached skill level 4 in Fighting
  1074 | D:2      | Reached XP level 3. HP: 34/34 MP: 2/2
  1101 | D:2      | Reached ** piety under Trog
  1309 | D:2      | Found a shimmering altar of Xom.
  1522 | D:2      | Reached skill level 5 in Fighting
  1607 | D:2      | Found a burning altar of Makhleb.
  1677 | D:2      | Noticed Jessica
  1679 | D:2      | Killed Jessica
  1679 | D:2      | Reached XP level 4. HP: 42/42 MP: 3/3
  2070 | D:2      | Found a sparkling altar of Nemelex Xobeh.
  2293 | D:3      | Noticed Robin
  2305 | D:3      | Killed Robin
  2305 | D:3      | Reached XP level 5. HP: 35/50 MP: 4/4
  2345 | D:3      | Reached *** piety under Trog
  2357 | D:3      | Reached skill level 6 in Fighting
  2357 | D:3      | Reached skill level 5 in Axes
  2527 | D:3      | Noticed chequers's ghost (amateur HOHu)
  2527 | D:3      | Found a stormy altar of Qazlal.
  2549 | D:3      | Killed chequers's ghost
  2729 | D:3      | Reached XP level 6. HP: 54/58 MP: 5/5
  2866 | D:3      | Found a sacrificial altar of Ru.
  3061 | D:4      | Reached skill level 7 in Fighting
  3070 | D:4      | Found a glowing drain.
  3095 | Sewer    | Entered a sewer
  3268 | Sewer    | Reached XP level 7. HP: 66/66 MP: 6/6
  3340 | Sewer    | Noticed thesun's ghost (amateur MiFi)
  3351 | Sewer    | Killed thesun's ghost
  3547 | Sewer    | Reached **** piety under Trog
  3696 | D:4      | Got a jewelled ring mail
  3707 | D:4      | Identified the +1 ring mail of the Armoured One {rElec rCorr Dex-3} (You found it on level 4 of the Dungeon)
  3718 | D:4      | Noticed enarc13's ghost (amateur CeTm)
  3726 | D:4      | Killed enarc13's ghost
  3726 | D:4      | Reached skill level 8 in Fighting
  3726 | D:4      | Reached skill level 1 in Shields
  4052 | D:5      | Entered Level 5 of the Dungeon
  4111 | D:5      | Reached skill level 5 in Armour
  4180 | D:5      | Reached XP level 8. HP: 56/75 MP: 7/7
  4337 | D:5      | Reached skill level 9 in Fighting
  4754 | D:5      | Reached ***** piety under Trog
  4807 | D:5      | Upgraded the game from 0.20-a0-1065-g8446734 to 0.20-a0-1074-g6a0a8e1
  5117 | D:5      | You fall through a shaft for 2 floors!
  5148 | D:7      | Noticed Pikel
  5168 | D:7      | Killed Pikel
  5168 | D:7      | Reached skill level 10 in Fighting
  5168 | D:7      | Reached XP level 9. HP: 81/85 MP: 8/8
  5360 | D:7      | Reached skill level 5 in Shields
  5382 | D:7      | Reached skill level 1 in Maces & Flails
  5492 | D:7      | Found an ancient bone altar of Kikubaaqudgha.
  5666 | D:7      | Found a staircase to the Ecumenical Temple.
  5761 | D:7      | Got a smoking mace
  5778 | D:7      | Identified the +5 mace "Opsiexid" {flame, Dex+4} (You found it on level 7 of the Dungeon)
  6115 | D:8      | Reached skill level 11 in Fighting
  6635 | D:9      | Noticed a two-headed ogre
  6641 | D:8      | Killed a two-headed ogre
  6781 | D:8      | Reached XP level 10. HP: 97/97 MP: 9/9
  6798 | D:9      | Found a bloodstained altar of Trog.
  6847 | D:9      | Reached skill level 12 in Fighting
  6925 | D:9      | Noticed a brown ugly thing
  6937 | D:9      | Killed a brown ugly thing
  7131 | D:9      | Received a gift from Trog
  8164 | D:10     | Entered Level 10 of the Dungeon
  8236 | D:10     | Noticed a gargoyle
  8259 | D:10     | Killed a gargoyle
  8259 | D:10     | Reached skill level 13 in Fighting
  8534 | D:10     | Killed an unseen horror
  8710 | D:10     | Killed an unseen horror
  8710 | D:10     | Reached XP level 11. HP: 71/107 MP: 10/10
  9041 | D:10     | Reached skill level 10 in Axes
  9143 | D:10     | Found Mad Gasa's Weapon Emporium.
  9371 | D:10     | Found a staircase to the Lair.
  9861 | D:11     | Found a frozen archway.
  9896 | IceCv    | Entered an ice cave
 10831 | IceCv    | Reached skill level 14 in Fighting
 10979 | IceCv    | Received a gift from Trog
 11139 | IceCv    | Reached skill level 10 in Armour
 11379 | IceCv    | Noticed a death yak
 11398 | IceCv    | Killed a death yak
 11428 | IceCv    | Reached skill level 15 in Fighting
 11428 | IceCv    | Reached XP level 12. HP: 84/119 MP: 11/11
 11623 | IceCv    | Noticed a frost giant
 11899 | IceCv    | HP: 5/121 [frost giant/bolt of cold (11)]
 11900 | IceCv    | Killed from afar by a frost giant

Vault maps used:
D:1:      kilobyte_arrival_exit_the_forest
D:2:      xom_teletrap_fun, lemuel_doored_altar, lemuel_coloured_pillars_altar,
          hex_medium, uniq_jessica
D:3:      grunt_qazlal_clouds, nicolae_ru_path_of_blood, first_bread,
          corexii_leaking_fountain, uniq_robin
D:4:      cheibrodos_sewer_entry_sluice
D:5:      nicolae_ossuary_entry_false_entrances, minivault_19
D:7:      minmay_temple_entry_mist, lemuel_mausoleum_altar_kikubaaqudgha,
          uniq_pikel
D:9:      kennysheep_blocky_hall, basic_altar, serial_bayou,
          serial_bayou_shore_b, serial_bayou_lagoon_a, serial_bayou_pond_b,
          serial_bayou_shore_b
D:10:     grunt_lair_entry_orc_guard_hut, serial_shops, kennysheep_mini_moat
D:11:     portal_ice_cave_entry_pillars_1, grunt_tengu_nest, uniq_sonja
Sewer:    sewer_co_cracked_pipes
IceCv:    ice_cave_caverns_02

Skill      XL: |  1  2  3  4  5  6  7  8  9 10 11 12 |
---------------+-------------------------------------+-----
Fighting       | 4 5 6 7 8 10 11 13 15 | 15.2
Axes           | 4 5 6 7 8 9 10 | 10.7
Armour         | 3 4 5 6 7 9 10 | 10.6
Shields        | 2 4 6 8 9 |  9.9
Maces & Flails | 1 3 4 |  4.0
Dodging        | |  2.3

Action                   |  1- 3 |  4- 6 |  7- 9 | 10-12 || total
-------------------------+-------+-------+-------+-------++-------
Melee: Hand axe          |    79 |   161 |   226 |       ||   466
       Headbutt          |    14 |    28 |    95 |   120 ||   257
       Whip              |       |       |    94 |       ||    94
       Battleaxe         |       |       |    63 |    76 ||   139
       Broad axe         |       |       |       |   146 ||   146
       Mace              |       |       |       |   292 ||   292
Invok: Berserk           |     1 |     1 |     4 |     3 ||     9
Evoke: Wand              |       |       |       |    25 ||    25
       Lamp of fire      |       |       |       |     1 ||     1
  Use: Scroll            |       |     6 |     2 |     2 ||    10
  Eat: Chunk             |     2 |     7 |    14 |    15 ||    38
       Royal jelly       |       |       |     1 |       ||     1
       Bread ration      |       |       |       |     1 ||     1
Armor: Animal skin       |    23 |     4 |       |       ||    27
       Leather armour    |       |     2 |       |       ||     2
       Scale mail        |       |    43 |    27 |       ||    70
       Chain mail        |       |       |   117 |    76 ||   193
       Skin              |       |       |     2 |       ||     2
       Plate armour      |       |       |       |   305 ||   305
Dodge: Dodged            |    60 |    97 |    68 |   103 ||   328
Block: Large shield      |       |       |   180 |   470 ||   650
